 Dungeon Crawl Stone Soup version 0.31-a0-174-g85c54bcb58 (console) character file.

Game seed: 4669298780059004092

1 petzl the Sneak (level 1, 0/16 (18) HPs)
             Began as a Formicid Delver on June 15, 2023.
             Shot with an arrow by a centaur (7 damage)
             ... on level 7 of the Dungeon.
             The game lasted 00:01:42 (258 turns).

petzl the Sneak (Formicid Delver)                    Turns: 258, Time: 00:01:43

HP:   0/16 (18)     AC:  4    Str: 16    XL:     1   Next: 22%
MP:   1/1           EV: 12    Int:  9    God:
Gold: 10            SH:  0    Dex: 15    Spells: 0/0 levels left

rFire   . . .        a - +0 mace
rCold   . . .        (no shield)
rNeg    . . .        b - +0 leather armour
rPois   .            (helmet unavailable)
rElec   .            (no cloak)
rCorr   .            (no gloves)
SInv    +            g - +0 pair of boots
Will    .....        (no amulet)
Stlth   +++          (no ring)
HPRegen 0.22/turn    (no ring)
MPRegen 0.07/turn

%: no passive effects
@: heavily drained
A: permanent stasis, dig shafts and tunnels, antennae 3, four strong arms
a: Dig, Shaft Self


You were on level 7 of the Dungeon.
You visited 1 branch of the dungeon, and saw 4 of its levels.

You collected 10 gold pieces.

Inventory:

Hand Weapons
 a - a +0 mace (weapon)
 h - a +0 trident
Armour
 b - a +0 leather armour (worn)
 g - a +0 pair of boots (worn)
Wands
 f - a wand of digging (3)
Scrolls
 c - a scroll of fog
 d - a scroll of revelation
 e - a scroll of fear
Potions
 i - a potion of curing {unknown}


   Skills:
 - Level 3.2 Fighting
 - Level 2.0 Maces & Flails
 - Level 1.7 Dodging
 - Level 6.0 Stealth
 + Level 0.4 Spellcasting


You couldn't memorise any spells.
You didn't know any spells.
Your spell library was empty.

Dungeon Overview and Level Annotations

Branches:
Dungeon (7/15)
 Temple: D:4-7

Altars:

Annotations:
D:5 exclusion: upstairs
D:7 exclusion: orc wizard


Innate Abilities, Weirdness & Mutations

You cannot be hasted, slowed, berserked, paralysed or teleported.
You can dig through walls and to a lower floor.
You have a pair of large antennae on your head. (SInv)
Your four strong arms can wield two-handed weapons with a shield.


Message History

There is a stone staircase leading up here.
You extend your mandibles.
You dig through the rock wall.
You feel drained.
You dig through the rock wall.
You feel drained.
You retract your mandibles.
There is a stone staircase leading up here.
You hear the hiss of a very distant avalanche of sand.
Are you sure you want to shaft yourself?
You begin to dig a shaft.
You continue digging a shaft.
A shaft appears beneath you!
You fall into a shaft and drop 2 floors!
The shaft crumbles and collapses.
A sourceless malevolence fills the Dungeon... and a teleportation trap spontaneously manifests!
You feel a strange sense of stasis.
Found a leather armour.
Found a stone staircase leading up and a stone staircase leading down.
An orc wizard comes into view. It is wielding a +0 dagger.
Found 12 gold pieces.
Press: ? - help, . - travel You can't see that place. [the floor.] Placed new exclusion.
Unknown command.
Really walk into a travel-excluded area? [Y]es or [N]o only, please.
Really walk into a travel-excluded area?
Okay, then.
Found a trident.
Found a bubbling dark potion and a short sword.
A steam dragon and a centaur come into view.
Found a stone staircase leading up.
The centaur shouts!
You hear a shout! x3
The centaur wields a +0 orcbow.
The centaur shoots an arrow.
The arrow closely misses you.
The centaur shoots an arrow.
The arrow hits you but does no damage.
The centaur shoots an arrow.
The arrow closely misses you.
The centaur shoots an arrow.
The arrow hits you!
Ouch! That really hurt!
The centaur shoots an arrow.
The arrow hits you!
You die...

.8.. ##...# ######....##
##.......#..
##......c).!####.
..........#......
###......#..$..#...#
#...<.@........#...#
#..........#.......<.
##.........##...[... .o
#.......##.##..........
##...............##...#
#........##..........#
#....#..# #......###.###
#.....#.####...........#
#.................###..
. D.............#
..........#...##
........##...#
..........#....
........)# #.#..
..#>..... .#... #.....
.. #.


You could see a centaur.

Vanquished Creatures
  A hobgoblin (D:5)
1 creature vanquished.

Notes
Turn   | Place    | Note
-------+----------+-------------------------------------------
     0 | D:5      | petzl the Formicid Delver began the quest for the Orb.
     0 | D:5      | Reached XP level 1. HP: 18/18 MP: 1/1
   136 | D:4      | Noticed an iguana
   245 | D:5      | You fall into a shaft and drop 2 floors!
   246 | D:7      | Noticed an orc wizard
   254 | D:7      | Noticed a steam dragon
   254 | D:7      | Noticed a centaur
   258 | D:7      | Shot with an arrow by a centaur

Illustrated notes

Levels and vault maps discovered:
D:4:      layout_loops_cross, serial_shops, nicolae_book_shop_shelving,
          minivault_23, minmay_misc_feat_rugged, serial_bayou_pond_d,
          dreamdust_gnoll_farm
D:5:      layout_basic, enter_ossuary_2, serial_bayou_lagoon_a,
          minmay_pentangle, uniq_eustachio, uniq_menkaure, uniq_pikel
D:6:      layout_basic, temple_fountains, eino_small_chamber_without_monster,
          grunt_ministairs_3
D:7:      layout_cave_pools, serial_gnoll_camp, gnoll_camp_mini_shop,
          gnoll_camp_medium_01, gnoll_camp_mini_hut, gnoll_camp_mini_basic,
          uniq_maggie

Action                     || total
---------------------------++-------
  Melee: Mace              ||     6
Ability: Dig               ||     2
         Shaft Self        ||     1
 Armour: Leather armour    ||     3
  Dodge: Dodged            ||     6

Table legend: (Time is in decaauts)
 A = Elapsed time spent in this place.
 B = Non-inter-level travel time spent in this place.
 C = Inter-level travel time spent in this place.
 D = Time resting spent in this place.
 E = Time spent auto-exploring this place.
 F = Levels seen in this place.
 G = Mean time per level.
                   A        B        C        D        E       F      G
               +--------+--------+--------+--------+--------+-----+--------+
         Total |    259 |    251 |      8 |     11 |     59 |   4 |   64.8 |
       Dungeon |    259 |    251 |      8 |     11 |     59 |   4 |   64.8 |
               +--------+--------+--------+--------+--------+-----+--------+

Top non-repeatable levels by time:
     D:5: 119 daAuts
     D:6: 110 daAuts
     D:4: 16 daAuts
     D:7: 12 daAuts
